 Dungeon Crawl Stone Soup version 0.25.1-9-gc5326a611f (webtiles) character file.

Game seed: 16312779733290979559

30 tkbsonic5 the Caller (level 3, 0/25 HPs)
             Began as a Gnoll Summoner on Nov 27, 2021.
             Succumbed to an adder's poison
             ... on level 1 of the Dungeon.
             The game lasted 00:03:27 (1342 turns).

tkbsonic5 the Caller (Gnoll Summoner)               Turns: 1342, Time: 00:03:28

Health: 0/25       AC:  3    Str: 10    XL:     3   Next: 18%
Magic:  7/9        EV: 15    Int: 17    God:
Gold:   43         SH:  0    Dex: 16    Spells: 9/12 levels left

rFire    . . .     SeeInvis .   b - +0 spear
rCold    . . .     Gourm    .   (no shield)
rNeg     . . .     Faith    .   a - +0 robe
rPois    .         Spirit   .   (no helmet)
rElec    .         Reflect  .   (no cloak)
rCorr    .         Harm     .   i - +0 pair of gloves
MR       .....                  (no boots)
Stlth    +++.......             (no amulet)
HPRegen  0.08/turn              (no ring)
MPRegen  0.11/turn              (no ring)

@: lethally poisoned (0 -> -2)
A: distributed training, fangs 1, strong nose
a: no special abilities


You were on level 1 of the Dungeon.
You were not hungry.

You visited 1 branch of the dungeon, and saw 2 of its levels.

You collected 43 gold pieces.

Inventory:

Hand Weapons
 b - a +0 spear (weapon)
Missiles
 d - 5 javelins (quivered)
 e - 20 poisoned darts
 g - 25 sling bullets
Armour
 a - a +0 robe (worn)
 i - a +0 pair of gloves (worn)
Scrolls
 h - a scroll of fog {unknown}
 j - a scroll of blinking {unknown}
 l - a scroll of enchant weapon {unknown}
Comestibles
 c - 2 rations


   Skills:
 + Level 0.6 Fighting
 + Level 0.6 Short Blades
 + Level 0.6 Long Blades
 + Level 0.6 Axes
 + Level 0.6 Maces & Flails
 + Level 0.6 Polearms
 + Level 0.6 Staves
 + Level 0.6 Slings
 + Level 0.6 Bows
 + Level 0.6 Crossbows
 + Level 0.6 Throwing
 + Level 0.6 Armour
 + Level 4.5 Dodging
 + Level 4.1 Stealth
 + Level 0.6 Shields
 + Level 0.6 Unarmed Combat
 + Level 5.0 Spellcasting
 + Level 0.4 Conjurations
 + Level 0.4 Hexes
 + Level 0.4 Charms
 + Level 7.1 Summonings
 + Level 0.4 Necromancy
 + Level 0.4 Translocations
 + Level 0.4 Transmutations
 + Level 0.4 Fire Magic
 + Level 0.4 Ice Magic
 + Level 0.4 Air Magic
 + Level 0.4 Earth Magic
 + Level 0.4 Poison Magic
 + Level 0.8 Invocations
 + Level 0.6 Evocations


You had 9 spell levels left.
You knew the following spells:

 Your Spells              Type           Power        Failure   Level  Hunger
a - Summon Small Mammal   Summ           ####         1%          1    None
b - Call Imp              Summ           ####....     1%          2    #......

Your spell library contained the following spells:

 Spells                   Type           Power        Failure   Level  Hunger
 Call Canine Familiar     Summ           ####....     2%          3    ###....
 Summon Guardian Golem    Hex/Summ       ###.....     9%          3    ###....
 Summon Ice Beast         Ice/Summ       ###.....     30%         4    ####...
 Summon Lightning Spire   Summ/Air       ###.....     30%         4    ####...


Dungeon Overview and Level Annotations

Branches:
Dungeon (2/15)

Altars:


Innate Abilities, Weirdness & Mutations

Your experience applies equally to all skills.
You have very sharp teeth.
Your uncanny sense of smell can sniff out nearby items.


Message History

The goblin closely misses you. The adder misses you.
You barely miss the adder.
The adder is almost dead.
The adder bites you.
* * * LOW HITPOINT WARNING * * *
The goblin hits you.
* * * LOW HITPOINT WARNING * * *
The adder bites you but does no damage. The goblin hits you.
* * * LOW HITPOINT WARNING * * *
You barely miss the adder.
The adder is almost dead.
The adder barely misses you. The goblin closely misses you.
You hit the adder.
You kill the adder!
Your Spellcasting skill increases to level 5!
You have reached level 3!
Your experience leads to an increase in your attributes!
Increase (S)trength, (I)ntelligence, or (D)exterity?
You feel agile.
You die...

#.######.#########
#..)..............
#.######.#########
#.# #........# #.#
####........# #.#
#...........#
#.###...........#
#†##............#
#@g.........###.##
####.###.##.# #...
#.# #.##.# ####
#.# #.##.## #..
#.# #.##..# #.#
#.# #.###.###.#
#.# #.# #.....#
#.###+###.#####
#.....>...# ##.


You could see a goblin.

Vanquished Creatures
  An adder (D:1)
  4 goblins (D:1)
  3 jackals (D:1)
  3 bats (D:1)
  3 frilled lizards (D:1)
  2 kobolds (D:1)
  3 rats (D:1)
19 creatures vanquished.

Vanquished Creatures (collateral kills)
  2 giant cockroaches (D:1)
  A jackal (D:1)
3 creatures vanquished.

Grand Total: 22 creatures vanquished

Notes
Turn   | Place    | Note
-------+----------+-------------------------------------------
     0 | D:1      | tkbsonic5 the Gnoll Summoner began the quest for the Orb.
     0 | D:1      | Reached XP level 1. HP: 13/13 MP: 6/6
   260 | D:1      | Reached XP level 2. HP: 18/19 MP: 7/7
   685 | D:1      | Learned a level 2 spell: Call Imp
  1340 | D:1      | HP: 1/20 [goblin (1)]
  1342 | D:1      | Reached skill level 5 in Spellcasting
  1342 | D:1      | Reached XP level 3. HP: 1/25 MP: 7/9
  1342 | D:1      | Succumbed to an adder's poison

Illustrated notes

Levels and vault maps discovered:
D:1:      dpeg_arrival_central, layout_basic
D:2:      layout_rooms, zin_treasury, lemuel_round_altar,
          nicolae_ru_great_annihilating_truth, solitary_fountain

Skill      XL: |  1  2 |
---------------+-------+-----
Spellcasting   | 5 |  5.0
Fighting       | |  0.6
Short Blades   | |  0.6
Long Blades    | |  0.6
Axes           | |  0.6
Maces & Flails | |  0.6
Polearms       | |  0.6
Staves         | |  0.6
Slings         | |  0.6
Bows           | |  0.6
Crossbows      | |  0.6
Throwing       | |  0.6
Armour         | |  0.6
Dodging        | |  4.5
Stealth        | |  4.1
Shields        | |  0.6
Unarmed Combat | |  0.6
Conjurations   | |  0.4
Hexes          | |  0.4
Charms         | |  0.4
Summonings     | |  7.1
Necromancy     | |  0.4
Translocations | |  0.4
Transmutations | |  0.4
Fire Magic     | |  0.4
Ice Magic      | |  0.4
Air Magic      | |  0.4
Earth Magic    | |  0.4
Poison Magic   | |  0.4
Invocations    | |  0.8
Evocations     | |  0.6

Action                   || total
-------------------------++-------
Melee: Spear             ||    83
       Bite              ||     7
Throw: Javelin           ||     5
 Cast: Summon Small Mamm ||     6
       Call Imp          ||     5
  Use: Scroll            ||     1
       Potion            ||     1
 Stab: Sleeping          ||     4
  Eat: Chunk             ||     1
Armor: Robe              ||    21
Dodge: Dodged            ||    67
